 Dungeon Crawl Stone Soup version 0.24-a0-232-g49d9ff8 (webtiles) character file.

Game seed: 17538438185065945788

1000 xeno23 the Covert (level 8, -7/54 HPs)
             Began as an Octopode Assassin on Apr 4, 2019.
             Killed from afar by an electric eel (12 damage)
             ... with a bolt of electricity
             ... on level 6 of the Dungeon.
             The game lasted 00:13:42 (4030 turns).

xeno23 the Covert (Octopode Assassin)               Turns: 4030, Time: 00:13:43

Health: -7/54      AC:  3    Str: 11    XL:     8   Next: 19%
Magic:  9/9        EV: 13    Int: 13    God:
Gold:   227        SH:  0    Dex: 17    Spells: 7/7 levels left

rFire    . . .     SeeInvis .   a - +1 dagger (elec)
rCold    . . .     Gourm    .   (no shield)
rNeg     . . .     Faith    .   j - +2 hat {MR+}
rPois    .         Spirit   .   x - amulet of rage
rElec    .         Reflect  .   n - +2 ring of dexterity (curse)
rCorr    .         Harm     .   w - ring of protection from magic
MR       ++...                  (no ring)
Stlth    ++++++....             (no ring)
HPRegen  0.18/turn              (no ring)
MPRegen  0.11/turn              (no ring)
                                (no ring)
                                (no ring)

@: no status effects
A: almost no armour, stealthy swim, amphibious, 8 rings, constrict 8, camouflage
1, gelatinous body 1
a: Evoke Berserk Rage


You were on level 6 of the Dungeon.
You were not hungry.

You visited 1 branch of the dungeon, and saw 6 of its levels.

You collected 227 gold pieces.

Inventory:

Hand Weapons
 a - a +1 dagger of electrocution (weapon)
 s - a +0 blowgun
Missiles
 c - 33 poisoned needles
 d - a curare-tipped needle
 k - 5 needles of sleeping
 v - 2 javelins (quivered)
Armour
 j - a +2 hat of magic resistance (worn)
Jewellery
 n - a cursed +2 ring of dexterity (left tentacle)
 w - a ring of protection from magic (right tentacle)
 x - an amulet of rage (around mantle)
Scrolls
 b - 3 scrolls of remove curse {unknown}
 e - 2 scrolls of immolation
 g - 3 scrolls of amnesia {unknown}
 h - a scroll of identify
 i - 2 scrolls of fog {unknown}
 o - 2 scrolls of fear {unknown}
 q - a scroll of enchant weapon {unknown}
 u - 2 scrolls of teleportation {unknown}
 y - a scroll of magic mapping {unknown}
 C - 2 scrolls of enchant armour {unknown}
Potions
 l - 3 potions of curing
 m - a potion of heal wounds
 p - 2 potions of invisibility
 r - a potion of might {unknown}
 t - a potion of haste {unknown}
 A - a potion of resistance {unknown}
 B - a potion of brilliance {unknown}
Comestibles
 f - 6 rations
 z - 5 chunks of flesh


   Skills:
 + Level 4.6 Fighting
 * Level 6.5 Short Blades
 - Level 2.0 Throwing
 - Level 1.0 Dodging
 + Level 8.4 Stealth
 + Level 2.4 Evocations


You had 7 spell levels left.
You didn't know any spells.
Your spell library was empty.

Dungeon Overview and Level Annotations

Branches:
Dungeon (5/15)
 Temple: D:4-7

Altars:
Cheibriados
Dithmenos
Elyvilon
Makhleb
Qazlal

Shops:
D:5 *=:(


Innate Abilities, Weirdness & Mutations

You cannot wear most types of armour.
You are very stealthy in the water. (Stealth+)
You are amphibious.
You can wear up to eight rings at the same time.
You can use your tentacles to constrict eight enemies at once.
Your skin changes colour to match your surroundings (Stealth+).
Your rubbery body absorbs attacks. (AC +1, EV +1)


Message History

Press: ? - help, v - describe, . - travel
Here: an electric eel (water, lightly wounded) Some deep water.
Okay, then.
Wield which item (- for none, * to show all)? (? for menu, Esc to quit)
Okay, then.
The electric eel shoots out a bolt of lightning at you!
The bolt of electricity hits you!
The electric eel shoots out a bolt of lightning at you!
The bolt of electricity hits you!
* * * LOW HITPOINT WARNING * * *
You take 19 damage.
The electric eel shoots out a bolt of lightning at you!
The bolt of electricity hits the plant.
The bolt of electricity hits you!
* * * LOW HITPOINT WARNING * * *
You take 9 damage.
The electric eel shoots out a bolt of lightning at you!
The bolt of electricity hits the plant!
The bolt of electricity hits the plant.
The bolt of electricity hits you!
You die...

#..............#≈≈≈≈P≈≈≈≈♣♣
#..............+♣P≈≈≈≈P≈≈≈♣
#..............#♣≈≈≈P≈≈≈PP♣
#...#######'###♣♣≈≈≈PP≈≈≈≈♣♣
#...###........♣≈≈≈≈P≈≈;≈≈≈P
#.....#........♣♣♣≈≈h≈≈≈≈P♣≈
#.....#........≈≈≈≈≈≈≈≈≈≈≈≈♣
#.....#.......≈≈≈≈P;≈≈≈≈≈≈≈♣
#.....#.......♣@P♣≈≈≈≈≈≈≈PP≈
#######.......≈≈≈≈≈≈≈≈≈≈≈≈≈♣
#......##≈♣≈P≈≈≈≈≈≈≈≈≈≈
#...... #≈≈P≈≈≈≈≈≈≈≈≈P≈
...... #♣♣≈≈≈≈≈≈≈≈≈P≈♣
...... ≈P≈≈≈≈≈≈≈≈≈♣♣
♣≈≈≈≈≈≈≈;≈≈≈≈ ♣≈≈≈≈≈≈


You could see a hound and 2 electric eels.

Vanquished Creatures
  Grinder (D:3)
  2 ice beasts
  A sky beast (D:4)
  An ogre (D:6)
  2 crimson imps
  An orc priest (D:3)
  A bullfrog skeleton (D:5)
  2 iguanas
  Natasha (twice) (D:3)
  A worker ant (D:5)
  An orc wizard (D:6)
  A hound skeleton (D:5)
  2 adders
  A shadow imp (D:3)
  An adder skeleton (D:5)
  4 worms
  3 dart slugs
  7 leopard geckos
  19 orcs
  2 ball pythons
  5 bats
  4 giant cockroaches
  7 goblins
  4 hobgoblins
  13 jackals
  4 kobolds
  3 quokkas
  2 frilled lizards
  A jackal skeleton (D:5)
  5 rats
103 creatures vanquished.

Notes
Turn   | Place    | Note
-------+----------+-------------------------------------------
     0 | D:1      | xeno23 the Octopode Assassin began the quest for the Orb.
     0 | D:1      | Reached XP level 1. HP: 14/14 MP: 1/1
    98 | D:1      | Reached XP level 2. HP: 10/19 MP: 2/2
   364 | D:1      | Reached XP level 3. HP: 19/24 MP: 3/3
   457 | D:1      | Reached skill level 6 in Stealth
  1094 | D:2      | Found a shadowy altar of Dithmenos.
  1376 | D:3      | Reached XP level 4. HP: 21/30 MP: 4/4
  1443 | D:3      | Found a snail-covered altar of Cheibriados.
  1458 | D:3      | Noticed an ice beast
  1510 | D:3      | Noticed Grinder
  1593 | D:3      | Killed Grinder
  1593 | D:3      | Reached skill level 7 in Stealth
  1593 | D:3      | Reached XP level 5. HP: 5/36 MP: 5/5
  1593 | D:3      | Reached XP level 6. HP: 6/42 MP: 6/6
  1813 | D:3      | Found a white marble altar of Elyvilon.
  1911 | D:3      | Noticed Natasha
  1913 | D:3      | Killed Natasha
  1990 | D:3      | Killed an ice beast
  1990 | D:3      | Reached skill level 5 in Short Blades
  1990 | D:3      | Reached XP level 7. HP: 47/47 MP: 7/7
  2157 | D:3      | Noticed Natasha
  2168 | D:3      | Killed Natasha
  2411 | D:4      | Found a white marble altar of Elyvilon.
  2413 | D:4      | Found a stormy altar of Qazlal.
  2496 | D:4      | Found a burning altar of Makhleb.
  2956 | D:5      | Entered Level 5 of the Dungeon
  3018 | D:5      | Found Gamoqu's Book Boutique.
  3058 | D:5      | Reached skill level 1 in Evocations
  3167 | D:4      | Reached skill level 8 in Stealth
  3262 | D:5      | Found Vopton's Antique Weapon Shop.
  3347 | D:5      | Found Ruehiere's Assorted Antiques.
  3348 | D:5      | Found Wasuzuischy's Jewellery Emporium.
  3527 | D:5      | You fall through a shaft!
  3880 | D:6      | Reached XP level 8. HP: 29/54 MP: 9/9
  4030 | D:6      | Killed from afar by an electric eel

Levels and vault maps discovered:
D:1:      kennysheep_arrival_seaside, layout_rooms
D:2:      layout_basic, lemuel_round_altar, minmay_misc_feat_alley,
          minmay_3d_cube
D:3:      layout_loops_cross, kennysheep_slug_shrine, elyvilon_altar_3,
          uniq_natasha, uniq_grinder
D:4:      layout_loops_ring, grunt_temple_overflow_open, makhleb_grotto_becter,
          roderic_roman_lattice
D:5:      layout_cave_pools, serial_shops, shop, shop_statue,
          nicolae_shop_trees, shop, first_ration, serial_rivers,
          chequers_serial_rivers_small_b, chequers_serial_rivers_micro_d,
          chequers_serial_rivers_marsh, chequers_serial_rivers_room_a,
          chequers_serial_rivers_small_3
D:6:      layout_gridville, serial_bayou_lake_a

Skill      XL: |  1  2  3  4  5  6  7 |
---------------+----------------------+-----
Stealth        | 6 7 8 |  8.4
Short Blades   | 3 4 5 6 |  6.5
Fighting       | 3 4 |  4.6
Evocations     | 2 |  2.4
Throwing       | |  2.0
Dodging        | |  1.0

Action                   |  1- 3 |  4- 6 |  7- 9 || total
-------------------------+-------+-------+-------++-------
Melee: Dagger            |    65 |    75 |   130 ||   270
       Tentacles         |    11 |    18 |    24 ||    53
       Constrict         |    15 |    21 |    21 ||    57
 Fire: Blowgun           |       |     1 |    10 ||    11
  Use: Scroll            |       |     1 |     3 ||     4
 Stab: Sleeping          |     9 |     5 |    15 ||    29
  Eat: Chunk             |     1 |     2 |     7 ||    10
Armor: Skin              |     8 |    18 |     7 ||    33
Dodge: Dodged            |    30 |    48 |    54 ||   132

Table legend:
 A = Non-vault XP
 B = Vault XP
 C = Vault XP percentage of total XP
 D = Non-vault monster count
 E = Vault monster count
 F = Vault count percentage of total count
                 A         B        C        D         E       F
            +---------+---------+-------+---------+---------+-------
      Total |    1064 |     365 |  25.5 |      97 |       6 |   5.8
            +---------+---------+-------+---------+---------+-------
        D:1 |      43 |       0 |   0.0 |      25 |       0 |   0.0
        D:2 |      28 |       8 |  22.2 |       7 |       2 |  22.2
        D:3 |     276 |     307 |  52.7 |      28 |       3 |   9.7
        D:4 |     184 |      50 |  21.4 |       8 |       1 |  11.1
        D:5 |     219 |       0 |   0.0 |      20 |       0 |   0.0
        D:6 |     314 |       0 |   0.0 |       9 |       0 |   0.0
            +---------+---------+-------+---------+---------+-------
